Arrhythmia, chaotic female vampiric Convict ------------ --------------- |...........####### #-..............######|..........| # ----- ###|.............| #+..........| ###|.^.| # |.............| ------------ ###..^.| ### --------------- ----- # ### ---------- # |........| ### |........| # ----------- |.......[.## ### ------------- |.........| |........| # # |...........| ######....o.%.).| |.........#########-..........>| # |...@<...)| ---------- |...........| ### |.........| |...........| # |.........| |....)......-## |.........| ------------- ----------- Arrhythmia the Jail-bird Experience level: 7 Strength: 18/02 Dexterity: 10 Constitution: 18 Intelligence: 14 Wisdom: 9 Charisma: 7 Health: 0(66) Energy: 44(44) AC: 2 Gold: 442 Moves: 2604 Your Inventory: Coins $ - 442 gold pieces Armor b - a cursed +0 striped shirt (being worn) f - a blessed +2 scale mail of displacement (being worn) g - an [uncursed] +0 pair of jumping boots (being worn) h - an [uncursed] +0 iron skull cap [orcish helm] (being worn) Wands n - an uncursed wand of digging [0:3] p - an uncursed wand called Make invis [of make invisible (0:2)] v - a [blessed] long wand [of locking (0:2)] Tools d - an uncursed blindfold q - an uncursed lock pick Iron balls c - an uncursed heavy iron ball (weapon in hand) Spells known in the end: Name Level Category Fail Memory Your skills at the end: Fighting Skills Weapon Skills sling [Basic / Skilled] Spellcasting Skills Final Attributes: You were stridently aligned. Hunger level was -14. Your alignment was 4 / 23. Monster difficulty range was 0 - 6. Level difficulty was 5. You were immune to poison. You were immune to level-drain. You were immune to sickness. You were displaced. You could jump. You could fly. You could survive without air. You regenerated. Your luck was zero. You are dead. Vanquished creatures: an imp a water nymph a rock piercer a yellow light a gnome lord a gnomish wizard 3 giant ants a floating eye 2 dwarves a homunculus a hill orc a giant bat an orc zombie a wererat an acid blob a gas spore 2 hobbits 2 hobgoblins 3 giant rats a red mold 10 gnomes 2 gnome zombies a gecko 2 jackals a fox 3 kobolds a goblin 4 sewer rats 2 grid bugs a lichen a kobold zombie a newt 56 creatures vanquished. Voluntary challenges: You left the true Path of Zen. You went without food. You never hit with a wielded weapon. You read items or engraved 9 times. You put on armor 4 times. You never genocided any monsters. You never polymorphed an object. You never changed form. You used no wishes. You abstained from Elbereth's help. You never encountered a bones level. You never used any Sokoban shortcuts. Dungeon overview: The Dungeons of Doom: levels 1 to 5 Level 1 some altars a long staircase Level 2 some fountains stairs to The Gnomish Mines Level 4 a delicatessen, an altar Level 5 <- You were here The Gnomish Mines: Level 3 stairs to The Dungeons of Doom History has recorded: On T:1 you entered the Dungeons of Doom to retrieve the Amulet of Yendor! On T:14 you advanced to experience level 2. On T:219 you advanced to experience level 3. On T:435 you reached level 2 of The Dungeons of Doom. On T:498 you advanced to experience level 4. On T:716 you reached level 1 of The Gnomish Mines. On T:728 you advanced to experience level 5. On T:921 you advanced to experience level 6. On T:1480 you reached level 3 of The Dungeons of Doom. On T:1730 you reached level 4 of The Dungeons of Doom. On T:2194 you reached level 5 of The Dungeons of Doom. On T:2575 you advanced to experience level 7. Latest messages: [HP-3=24] [HP+1=25] The hill orc swings her curved sword. The hill orc hits! [HP-5=20] The hill orc swings her curved sword. The hill orc hits! You regain consciousness. [HP-6=14] [10 turns] You miss the hill orc. You bite the hill orc. The hill orc swings her curved sword. The hill orc hits! [HP-4=10] You faint from lack of food. [HP+1=11] The hill orc swings her curved sword. The hill orc hits! [HP-9=2] The hill orc swings her curved sword. The hill orc hits! You die... Final status: Goodbye Arrhythmia the Convict... You died in The Dungeons of Doom on dungeon level 5 with 2640 points, and 442 pieces of gold, after 2604 moves. You were level 7 with a maximum of 66 hit points when you died.